 Dungeon Crawl Stone Soup version 0.25-a0-701-gb30f108f01 (webtiles) character file.

Game seed: 579210713640404143, levelgen mode: deterministic

308838 Hasart the Cryomancer (level 19, 0/136 (138) HPs)
             Began as a Demigod Ice Elementalist on Apr 4, 2020.
             Killed by vampiric draining
             ... invoked by a deep elf death mage
              (23 damage)
             ... on level 3 of the Elven Halls.
             The game lasted 03:44:08 (51772 turns).

Hasart the Cryomancer (Demigod Ice Elementalist)   Turns: 51772, Time: 03:44:09

HP:   0/136 (138)   AC: 12    Str: 11    XL:     19   Next: 57%
MP:   0/44          EV: 15    Int: 31    God:
Gold: 1745          SH:  8    Dex: 20    Spells: 7/49 levels left

rFire    + + .     SeeInvis .   D - +5 hand axe of an ice cave {freeze, rElec rC+ Dex+4}
rCold    + + .     Gourm    .   v - +2 buckler
rNeg     . . .     Faith    .   K - +1 troll leather armour
rPois    +         Spirit   .   p - +2 helmet of Negligence {rPois rF++}
rElec    +         Reflect  .   t - scarf {cloud immunity}
rCorr    .         Harm     .   i - +1 pair of gloves
MR       +++..                  y - +1 pair of boots
Stlth    ++........             T - amulet of magic regeneration
HPRegen  0.72/turn              m - ring of the Eight Lives {Wiz *Drain +Blink rPois MR++}
MPRegen  0.54/turn              P - ring of protection from cold

@: no potions
A: high mp 1
}: 2/15 runes: decaying, serpentine
a: Evoke Blink


You were on level 3 of the Elven Halls.
You were not hungry.

You visited 6 branches of the dungeon, and saw 34 of its levels.
You also visited: Gauntlet, Ice Cave and Wizlab.

You collected 3696 gold pieces.
You spent 1951 gold pieces at shops.

Inventory:

Hand Weapons
 D - the +5 hand axe of an ice cave (weapon) {freeze, rElec rC+ Dex+4}
   (You bought it in a shop on level 2 of the Orcish Mines)

   It has been specially enchanted to freeze those struck by it, causing extra
   injury to most foes and up to half again as much damage against particularly
   susceptible opponents.
   It can also slow down cold-blooded creatures.
   It affects your dexterity (+4).
   It protects you from cold.
   It insulates you from electricity.
Armour
 i - a +1 pair of gloves (worn)
 p - the +2 helmet of Negligence (worn) {rPois rF++}
   (You found it on level 4 of the Swamp)

   It greatly protects you from fire.
   It protects you from poison.
 t - a scarf of cloud immunity (worn)
 v - a +2 buckler (worn)
 x - the +3 robe of Clouds {+Thunder rCloud rElec}
   (You took it off a Cloud Mage in a wizard's laboratory)

   It insulates you from electricity.
 y - a +1 pair of boots (worn)
 G - a +0 hat of see invisible
 I - a +2 robe of fire resistance
 K - a +1 troll leather armour (worn)
 Q - the +1 robe of the Lizard {rN+ Int+4 SInv}
   (You took it off a deep elf archer on level 3 of the Elven Halls)

   It affects your intelligence (+4).
   It protects you from negative energy.
   It lets you see invisible.
 W - the +0 cloak of Imperfection {rCorr Stlth+}
   (You found it in a Gauntlet)

   It provides partial protection from all sources of acid and corrosion.
   It makes you more stealthy.
Jewellery
 m - the ring of the Eight Lives (left hand) {Wiz *Drain +Blink rPois MR++}
   (You found it on level 13 of the Dungeon)

   [ring of wizardry]

   It improves your spell success rate.
   It protects you from poison.
   It affects your resistance to hostile enchantments.
   It lets you blink.
   It causes draining when unequipped.
 r - an uncursed ring of protection from magic
 B - the ring of Guof {+Fly Int+4}
   (You found it in a wizard's laboratory)

   [ring of flight]

   It affects your intelligence (+4).
   It lets you fly.
 C - the ring "Xobre" {+Fly rN+ MR- Str+3}
   (You found it in a wizard's laboratory)

   [ring of flight]

   It affects your strength (+3).
   It protects you from negative energy.
   It affects your resistance to hostile enchantments.
   It lets you fly.
 J - an uncursed amulet of regeneration
 O - the amulet of Contention {Faith *Contam +Inv Int+3}
   (You took it off a deep elf archer on level 3 of the Elven Halls)

   [amulet of faith]

   It allows you to gain divine favour quickly.
   It affects your intelligence (+3).
   It lets you turn invisible.
   It causes magical contamination when unequipped.
 P - a ring of protection from cold (right hand)
 R - an uncursed ring of poison resistance
 T - an amulet of magic regeneration (around neck)
Wands
 g - a wand of disintegration (18)
 z - a wand of iceblast (31)
 L - a wand of digging (7)
 X - a wand of acid (31)
Scrolls
 a - 8 scrolls of fear
 e - 23 scrolls of identify
 f - 20 scrolls of remove curse
 h - 4 scrolls of amnesia
 q - a scroll of brand weapon
 u - a scroll of summoning
 w - 10 scrolls of blinking
 A - 5 scrolls of magic mapping
 E - 2 scrolls of enchant armour
 H - 21 scrolls of teleportation
 U - 3 scrolls of fog
Potions
 b - 5 potions of cancellation
 d - 8 potions of heal wounds
 j - 11 potions of curing
 k - 2 potions of magic
 l - 6 potions of mutation
 n - 5 potions of resistance
 o - 5 potions of ambrosia
 s - 9 potions of flight
 F - 7 potions of haste
 Y - 3 potions of invisibility
Miscellaneous
 M - 2 tins of tremorstones
Comestibles
 c - 35 rations
 N - 7 chunks of flesh


   Skills:
 - Level 5.0 Fighting
 - Level 5.0 Dodging
 - Level 1.7 Stealth
 - Level 5.0 Shields
 + Level 15.6 Spellcasting
 - Level 10.0 Conjurations
 - Level 5.1 Summonings
 - Level 5.0 Translocations
 * Level 22.5 Ice Magic
 - Level 5.0 Air Magic
 - Level 6.3 Earth Magic
 - Level 6.0 Evocations


You had 7 spell levels left.
You knew the following spells:

 Your Spells              Type           Power        Failure   Level  Hunger
a - Freeze                Ice            ####         0%          1    None
b - Frozen Ramparts       Ice            ######       0%          3    None
c - Summon Ice Beast      Ice/Summ       #######.     1%          4    None
d - Hailstorm             Conj/Ice       #######.     1%          4    None
e - Iskenderun's Mystic   Conj/Tloc      ######..     1%          4    None
f - Stone Arrow           Conj/Erth      ######       1%          3    None
g - Blink                 Tloc           N/A          1%          2    None
s - Freezing Cloud        Conj/Ice/Air   #######...   1%          6    ###....
x - Ozocubu's Refrigerat  Ice            ########..   1%          6    ###....
z - Absolute Zero         Ice            ########..   9%          9    #######

Your spell library contained the following spells:

 Spells                   Type           Power        Failure   Level  Hunger
 Animate Skeleton         Necr           N/A          1%          1    None
 Apportation              Tloc           ######       1%          1    None
 Corona                   Hex            ###....      1%          1    None
 Magic Dart               Conj           ####         1%          1    None
 Sandblast                Erth           ######       1%          1    None
 Summon Butterflies       Summ           ######..     1%          1    None
 Summon Small Mammal      Summ           ####         1%          1    None
 Call Imp                 Summ           ######..     1%          2    None
 Ensorcelled Hibernation  Hex/Ice        ######       1%          2    None
 Passwall                 Tmut/Erth      #####...     1%          2    None
 Searing Ray              Conj           ######       1%          2    None
 Shroud of Golubria       Chrm/Tloc      #####.       1%          2    None
 Slow                     Hex            ###.....     1%          2    None
 Swiftness                Chrm/Air       #####...     1%          2    None
 Call Canine Familiar     Summ           ######..     1%          3    None
 Conjure Flame            Conj/Fire      ######..     1%          3    None
 Dazzling Flash           Conj/Hex       ######       1%          3    None
 Gell's Gravitas          Tloc           ######....   1%          3    None
 Lesser Beckoning         Tloc           ######....   1%          3    None
 Mephitic Cloud           Conj/Pois/Air  ######..     1%          3    None
 Ozocubu's Armour         Chrm/Ice       #######.     1%          3    None
 Recall                   Summ/Tloc      N/A          1%          3    None
 Teleport Other           Tloc           ######..     1%          3    None
 Fulminant Prism          Conj/Hex       ######....   1%          4    None
 Ice Form                 Ice/Tmut       #######.     1%          4    None
 Passage of Golubria      Tloc           N/A          1%          4    None
 Lee's Rapid Deconstruct  Erth           ######....   1%          5    None
 Lightning Bolt           Conj/Air       ######....   1%          5    None
 Metabolic Englaciation   Hex/Ice        #######...   1%          5    None
 Simulacrum               Ice/Necr       #######...   1%          6    ###....
 Petrify                  Tmut/Erth      #####...     2%          4    None
 Borgnjor's Vile Clutch   Necr/Erth      #####.....   8%          5    None
 Animate Dead             Necr           N/A          10%         4    None
 Silence                  Hex/Air        #####.....   10%         5    None
 Summon Mana Viper        Hex/Summ       #####...     10%         5    None
 Shadow Creatures         Summ           N/A          17%         6    ###....
 Summon Hydra             Summ           ######....   65%         7    #####..
 Darkness                 Hex            ###.......   80%         6    ###....
 Death Channel            Necr           ###.......   80%         6    ###....
 Lehudib's Crystal Spear  Conj/Erth      ######....   89%         8    ######.
 Chain Lightning          Conj/Air       ######....   94%         8    ######.
 Fire Storm               Conj/Fire      ######....   100%        9    #######


Dungeon Overview and Level Annotations

Branches:
Dungeon (15/15)            Temple (0/1) D:5            Lair (6/6) D:10
  Swamp (4/4) Lair:4        Snake (4/4) Lair:4        Slime (0/5) Lair:6
    Orc (2/2) D:10            Elf (3/3) Orc:2        Vaults (0/5) D:13
 Depths (0/5) D:15          IceCv (visited)          WizLab (visited)
Gauntlet (visited)

Shops:
Orc:2 ?([(=(!=   Elf:2 %**=?

Portals:
Bazaar: Elf:3
Trove: Elf:2 (give 15 scrolls of teleportation)

Annotations:
Snake:1 2 transporters, Zeufunenlo's ghost, adept MiBe
Snake:3 3 runed translucent doors, Pybazxul's ghost, journeyman DsFi


Innate Abilities, Weirdness & Mutations

You have an increased reservoir of magic. (+10% MP)


Message History

Casting: Ozocubu's Refrigeration (safe; 1% risk of failure)
Confirm with . or Enter, or press ? or * to list all spells.
The heat is drained from your surroundings.
You resist.
You feel very cold.
The deep elf death magi and the deep elf master archer are frozen.
The deep elf death mage resists.
The deep elf death mage is heavily wounded.
The deep elf death mage is severely wounded.
The deep elf master archer resists.
The deep elf master archer is almost dead.
Reactivating autopickup.
You feel a bit more experienced.
A guardian serpent comes into view.
The deep elf death mage mumbles some strange words.
The corpses begin to drag themselves along the ground!
The deep elf master archer shoots an arrow.
The arrow hits you!!
* * * LOW HITPOINT WARNING * * *
The deep elf death mage is infused with unholy energy.
You die...

***#######*
***,,.[...|.###
***,,,,))xx..|$S###
**,,,,,,ee))).))e.:#*
**,,,,,,,,,,,,##@##,,**
*,,,,,,,,,,####...#*,,**
,,,,,,,#####.....##,,,,*
,,######.......###,,,,,**
###.........####.##,,,,,*
........#####.....########
...######...).)..........#
...........).............#
.......(...⌠.............#


You could see a deep elf master archer, 2 deep elf death magi, a guardian
serpent and 2 crawling corpses.

Vanquished Creatures
  the Lernaean hydra (Swamp:4)
  A Cloud Mage (WizLab)
  Rupert (Lair:4)
  3 deep elf blademasters
  3 deep elf master archers (Elf:3)
  Asterion (Elf:2)
  2 thorn hunters
  Frances (Swamp:1)
  Gastronok (D:12)
  10 nagarajas
  11 deep elf sorcerers (Elf:3)
  3 orc warlords
  3 deep elf demonologists (Elf:3)
  A minotaur (Gauntlet)
  2 entropy weavers (Lair:5)
  2 spark wasps (WizLab)
  5 deep elf annihilators (Elf:3)
  A white draconian (IceCv)
  2 deep elf death magi (Elf:3)
  3 blizzard demons (WizLab)
  2 death oozes (Gauntlet)
  A fire dragon (Lair:6)
  A yaktaur captain (D:15)
  An ice dragon (Lair:3)
  3 deep elf high priests (Elf:3)
  17 hydras
  3 spriggan air magi (WizLab)
  3 ghost crabs
  14 naga warriors
  3 vault guards (D:13)
  2 shambling mangroves
  5 centaur warriors
  8 alligators
  A death knight (D:7)
  17 anacondas
  4 two-headed ogres
  26 dancing weapons
  A queen ant (Lair:5)
  A death yak (IceCv)
  16 naga sharpshooters
  5 orc high priests
  A shock serpent (shapeshifter) (Elf:2)
  17 deep elf knights
  9 shock serpents
  2 skeletal warriors (D:15)
  9 salamander mystics
  9 naga ritualists
  7 swamp dragons (Swamp:4)
  3 death drakes (WizLab)
  Pikel (D:7)
  11 deep elf archers
  2 spriggan druids
  4 wizards
  12 orc knights
  41 deep elf magi
  5 lindwurms
  A shining eye (shapeshifter) (D:15)
  3 cyclopes
  An orc sorcerer (Orc:2)
  An oklob plant (Lair:6)
  12 mana vipers
  An ugly thing (D:12)
  A manticore (D:14)
  Maurice (D:8)
  11 salamanders
  50 black mambas
  4 elephants (Lair:6)
  3 apocalypse crabs (WizLab)
  8 guardian serpents
  Maggie (D:7)
  2 gargoyles (D:14)
  29 naga magi
  Joseph (D:8)
  14 spiny frogs
  4 ice statues
  Psyche (D:10)
  2 molten gargoyles (Lair:6)
  4 centaur skeletons
  13 komodo dragons
  3 rime drakes
  10 trolls
  4 yaktaurs (D:15)
  20 polar bears
  13 tyrant leeches
  A wind drake (WizLab)
  Prince Ribbit (D:5)
  A troll (shapeshifter) (D:14)
  19 blink frogs
  15 bog bodies
  8 hippogriffs
  14 slime creatures
  9 hornets
  13 dream sheep
  8 water elementals
  5 spriggans
  4 shadows
  A vampire (D:15)
  14 air elementals
  5 wyverns
  A wyvern (shapeshifter) (Elf:2)
  4 wraiths
  76 yaks
  18 humans
  Grum (D:8)
  2 fire elementals (Elf:3)
  A steam dragon (Lair:6)
  A hungry ghost (D:15)
  3 basilisks
  12 vampire mosquitoes
  4 wargs
  2 acid dragons
  13 swamp worms
  15 insubstantial wisps
  Menkaure (D:5)
  38 nagas
  5 soldier ants (Lair:5)
  4 hell hounds (Lair:6)
  13 water moccasins
  11 porcupines
  Duvessa (D:6)
  3 slaves (D:7)
  37 orc warriors
  3 sky beasts
  11 swamp drakes
  2 eyes of draining
  2 phantoms
  4 black bears
  13 ogres
  17 ice beasts
  A necrophage (D:7)
  46 wolves
  23 centaurs
  17 crocodiles
  14 bullfrogs
  A gnoll sergeant (D:11)
  3 earth elementals
  Dowan (D:6)
  A wyvern zombie (D:11)
  2 wyvern skeletons
  5 scorpions
  12 killer bees
  3 wights (D:14)
  2 electric eels (D:15)
  3 lava snakes (Lair:6)
  5 crimson imps
  4 centaur zombies
  3 hounds
  2 quasits
  A bullfrog skeleton (D:12)
  5 jellies
  40 orc wizards
  30 orc priests
  12 hell rats (Lair:1)
  5 iguanas
  13 worker ants
  2 hound skeletons
  A howler monkey zombie (D:6)
  3 worker ant zombies
  Robin (D:2)
  7 gnolls
  A howler monkey skeleton (D:5)
  12 river rats (Lair:1)
  18 adders
  4 shadow imps
  A white imp (Lair:3)
  2 oozes
  2 adder skeletons (D:4)
  4 worms
  2 dart slugs
  A leopard gecko (D:11)
  114 orcs
  5 giant cockroaches
  15 goblins
  10 hobgoblins
  10 jackals
  10 quokkas
  A ball python (D:2)
  11 bats
  2 frilled lizards
  A jackal skeleton (D:4)
  11 kobolds
  A leopard gecko skeleton (D:7)
  16 rats
  9 briar patches (Swamp:2)
  A bush (Lair:4)
  2 butterflies (Lair:3)
  6 fungi
  7 plants
1525 creatures vanquished.

Vanquished Creatures (collateral kills)
  A naga warrior (Snake:1)
  A two-headed ogre (D:8)
  A dancing weapon (Elf:1)
  A skeletal warrior (D:14)
  An ice statue (Lair:3)
  A rime drake (Gauntlet)
  A troll (D:10)
  A basilisk (Lair:1)
  Edmund (D:5)
9 creatures vanquished.

Vanquished Creatures (others)
  A blizzard demon (WizLab)
  31 blocks of ice
  6 bushes (Lair:4)
  35 fungi
  37 plants
  17 withered plants (Gauntlet)
127 creatures vanquished.

Grand Total: 1661 creatures vanquished

Notes
Turn   | Place    | Note
-------+----------+-------------------------------------------
     0 | D:1      | Hasart the Demigod Ice Elementalist began the quest for the
                  | Orb.
     0 | D:1      | Reached XP level 1. HP: 14/14 MP: 5/5
   263 | D:1      | Reached XP level 2. HP: 19/20 MP: 5/7
   312 | D:1      | Reached skill level 4 in Ice Magic
   997 | D:2      | Reached XP level 3. HP: 17/26 MP: 2/8
  1384 | D:2      | Found a shimmering altar of Xom.
  1797 | D:2      | Reached XP level 4. HP: 33/33 MP: 7/10
  1947 | D:2      | Found a snail-covered altar of Cheibriados.
  2281 | D:2      | Noticed Robin
  2355 | D:2      | Killed Robin
  2804 | D:2      | Learned a level 3 spell: Frozen Ramparts
  2809 | D:2      | Learned a level 4 spell: Summon Ice Beast
  3251 | D:3      | Found a faded altar of an unknown god.
  3330 | D:3      | Reached XP level 5. HP: 28/38 MP: 5/11
  3441 | D:4      | Reached skill level 5 in Ice Magic
  3551 | D:4      | Found a radiant altar of Vehumet.
  3640 | D:4      | Reached skill level 1 in Summonings
  3950 | D:4      | Got a brightly glowing scale mail
  4323 | D:4      | Noticed an ogre
  4332 | D:4      | Killed an ogre
  4332 | D:4      | Reached XP level 6. HP: 40/45 MP: 10/13
  4340 | D:4      | Found an opulent altar of Gozag.
  4892 | D:5      | Entered Level 5 of the Dungeon
  4906 | D:5      | Reached skill level 6 in Ice Magic
  4906 | D:5      | Reached XP level 7. HP: 16/50 MP: 7/15
  5148 | D:5      | Found a burning altar of Makhleb.
  5279 | D:5      | Found a glowing silver altar of Zin.
  5401 | D:5      | Noticed Prince Ribbit
  5416 | D:5      | Killed Prince Ribbit
  6078 | D:5      | Noticed Menkaure
  6082 | D:5      | Noticed Edmund
  6083 | D:5      | Killed Menkaure
  6089 | D:5      | Killed Edmund
  6089 | D:5      | Reached skill level 7 in Ice Magic
  6089 | D:5      | Reached XP level 8. HP: 55/57 MP: 13/17
  6112 | D:5      | Found a staircase to the Ecumenical Temple.
  6217 | D:6      | Found a shattered altar of Ashenzari.
  6683 | D:6      | Noticed Duvessa
  6684 | D:6      | Noticed Dowan
  6693 | D:6      | Killed Duvessa
  6696 | D:6      | Killed Dowan
  6902 | D:6      | Found a shadowy altar of Dithmenos.
  6988 | D:6      | Reached skill level 1 in Shields
  7152 | D:7      | HP: 2/57 [ogre/+0 giant club (28)]
  7447 | D:7      | Learned a level 4 spell: Hailstorm
  7591 | D:7      | Reached skill level 5 in Dodging
  7817 | D:7      | Reached skill level 1 in Conjurations
  8044 | D:7      | Noticed a hippogriff
  8052 | D:7      | Killed a hippogriff
  8052 | D:7      | Reached skill level 8 in Ice Magic
  8056 | D:7      | Reached XP level 9. HP: 37/62 MP: 10/19
  8399 | D:7      | Noticed Pikel
  8399 | D:7      | Noticed Maggie
  8413 | D:7      | Killed Maggie
  8413 | D:7      | Reached skill level 5 in Spellcasting
  8418 | D:7      | Killed Pikel
  8602 | D:7      | Identified the +5 scale mail of Firudup {Int+4} (You found
                  | it on level 4 of the Dungeon)
  8651 | D:7      | Noticed a death knight
  8676 | D:7      | Reached skill level 9 in Ice Magic
  8685 | D:7      | Killed a death knight
  8685 | D:7      | Reached skill level 5 in Summonings
  9106 | D:8      | Noticed Joseph
  9117 | D:8      | Killed Joseph
  9117 | D:8      | Reached XP level 10. HP: 49/69 MP: 16/22
  9262 | D:8      | Noticed a two-headed ogre
  9292 | D:8      | Killed a two-headed ogre
  9402 | D:8      | Noticed Maurice
  9410 | D:8      | Killed Maurice
  9842 | D:8      | Noticed Grum
  9853 | D:8      | Killed Grum
  9853 | D:8      | Reached skill level 10 in Ice Magic
 10052 | D:8      | Found a glowing golden altar of the Shining One.
 10356 | D:9      | Found a shadowy altar of Dithmenos.
 10379 | D:9      | Found a shattered altar of Ashenzari.
 10379 | D:9      | Found an ancient bone altar of Kikubaaqudgha.
 10386 | D:9      | Found a basalt altar of Yredelemnul.
 10386 | D:9      | Found a shimmering blue altar of Sif Muna.
 10386 | D:9      | Found a sacrificial altar of Ru.
 10679 | D:9      | Reached skill level 5 in Shields
 10698 | D:9      | Noticed a two-headed ogre
 10715 | D:9      | Killed a two-headed ogre
 10715 | D:9      | Reached skill level 1 in Evocations
 10723 | D:9      | Learned a level 4 spell: Iskenderun's Mystic Blast
 10882 | D:10     | Entered Level 10 of the Dungeon
 11258 | D:10     | Noticed Psyche
 11263 | D:10     | Killed Psyche
 11263 | D:10     | Reached skill level 1 in Fighting
 11263 | D:10     | Reached skill level 5 in Conjurations
 11263 | D:10     | Reached skill level 1 in Translocations
 11263 | D:10     | Reached XP level 11. HP: 74/77 MP: 13/25
 11387 | D:10     | Paralysed by a hornet for 3 turns
 11914 | D:10     | Found a staircase to the Lair.
 12150 | D:10     | Found a staircase to the Orcish Mines.
 12231 | D:10     | Found a roughly hewn altar of Beogh.
 12296 | D:10     | Reached skill level 11 in Ice Magic
 12396 | Orc:1    | Entered Level 1 of the Orcish Mines
 13195 | Orc:1    | Found a roughly hewn altar of Beogh.
 13195 | Orc:1    | Noticed an orc high priest
 13207 | Orc:1    | Killed an orc high priest
 13336 | Orc:2    | Entered Level 2 of the Orcish Mines
 13336 | Orc:2    | Found a staircase to the Elven Halls.
 13336 | Orc:2    | Found Zucriboxt's Distillery.
 13336 | Orc:2    | Noticed an orc knight
 13382 | Orc:1    | Killed an orc knight
 13859 | Orc:2    | Noticed an orc warlord
 13959 | Orc:2    | Found Zucvasoube's Jewellery Emporium.
 14099 | Orc:2    | Found Sydwo's Jewellery Shoppe.
 14107 | Orc:2    | Bought an uncursed ring of see invisible for 150 gold
                  | pieces
 14107 | Orc:2    | Bought a cursed ring of teleportation for 45 gold pieces
 14139 | Orc:2    | Found a roughly hewn altar of Beogh.
 14192 | Orc:2    | Found Acke Mor's General Store.
 14231 | Orc:2    | Found Heosm's Antique Weapon Shoppe.
 14257 | Orc:2    | Noticed an orc high priest
 14263 | Orc:2    | Killed an orc high priest
 14302 | Orc:2    | Noticed an orc knight
 14329 | Orc:2    | Killed an orc knight
 14330 | Orc:2    | Noticed a sixfirhy
 14376 | Orc:2    | Noticed an orc warlord
 14409 | Orc:2    | HP: 4/82 [orc wizard/magic dart (3)]
 14679 | Lair:1   | Entered Level 1 of the Lair of Beasts
 14833 | Lair:1   | Reached XP level 12. HP: 44/91 MP: 19/27
 16033 | Lair:2   | Reached skill level 12 in Ice Magic
 16169 | Lair:2   | Noticed a seven-headed hydra
 16178 | Lair:2   | Killed a seven-headed hydra
 16827 | Lair:3   | Reached skill level 5 in Evocations
 17763 | Lair:3   | Noticed an ice dragon
 17768 | Lair:3   | Reached skill level 5 in Translocations
 17863 | Lair:2   | Learned a level 3 spell: Stone Arrow
 18177 | Lair:3   | Reached skill level 5 in Fighting
 18261 | Lair:3   | Killed an ice dragon
 18737 | Lair:4   | Noticed Rupert
 18832 | Lair:5   | Reached skill level 1 in Earth Magic
 19011 | Lair:5   | Reached XP level 13. HP: 85/100 MP: 25/29
 19351 | Lair:5   | Noticed an entropy weaver
 19357 | Lair:5   | Noticed an entropy weaver
 19367 | Lair:5   | Killed an entropy weaver
 19372 | Lair:5   | Killed an entropy weaver
 19806 | Lair:5   | Reached skill level 13 in Ice Magic
 20649 | Lair:6   | Entered Level 6 of the Lair of Beasts
 21933 | Lair:6   | Found a staircase to the Slime Pits.
 22372 | Lair:6   | Found a large runed translucent door.
 22549 | Lair:6   | Found a large runed translucent door.
 23452 | Lair:4   | Found a staircase to the Swamp.
 23667 | Lair:4   | Killed Rupert
 23667 | Lair:4   | Reached skill level 14 in Ice Magic
 23667 | Lair:4   | Reached XP level 14. HP: 107/107 MP: 6/31
 23779 | Lair:4   | Found a staircase to the Snake Pit.
 24103 | Lair:4   | Reached skill level 5 in Earth Magic
 24731 | Orc:2    | Killed an orc warlord
 24887 | Orc:2    | Killed an orc warlord
 24963 | Orc:2    | Bought a potion of invisibility for 104 gold pieces
 24963 | Orc:2    | Bought a potion of brilliance for 52 gold pieces
 24981 | Orc:2    | Found a roughly hewn altar of Beogh.
 25122 | Orc:2    | Found a roughly hewn altar of Beogh.
 25135 | Orc:2    | Found Cuxy's Weapon Emporium.
 25259 | Orc:2    | Found Boeckusi's Magic Scroll Boutique.
 25276 | Orc:2    | Bought a scroll of fear for 59 gold pieces
 25276 | Orc:2    | Bought a scroll of teleportation for 51 gold pieces
 25308 | Orc:2    | Bought a twisted spear for 176 gold pieces
 25308 | Orc:2    | Identified the cursed +0 spear "Zis Yry" {antimagic, rC+
                  | Int+5 Dex-5} (You bought it in a shop on level 2 of the
                  | Orcish Mines)
 25494 | Orc:2    | Found Waawideuni's Antique Weapon Emporium.
 25499 | Orc:2    | Found a roughly hewn altar of Beogh.
 25500 | Orc:2    | Found Wajuuhymi's Antique Armour Shoppe.
 25513 | Orc:2    | Bought a runed cloak for 157 gold pieces
 25767 | Orc:2    | Bought the +5 hand axe of an ice cave {freeze, rElec rC+
                  | Dex+4} for 837 gold pieces
 25964 | D:11     | Found a gate leading to a gauntlet.
 26008 | Gauntlet | Entered a Gauntlet
 26008 | Gauntlet | Found a transporter.
 26009 | Gauntlet | Found a large runed translucent door.
 26010 | Gauntlet | Found a large runed translucent door.
 26011 | Gauntlet | Found a large runed translucent door.
 26011 | Gauntlet | Found a large runed translucent door.
 26011 | Gauntlet | Found a runed translucent door.
 26012 | Gauntlet | Found a large runed translucent door.
 26012 | Gauntlet | Found a runed translucent door.
 26013 | Gauntlet | Found a large runed translucent door.
 26014 | Gauntlet | Found a large runed translucent door.
 26014 | Gauntlet | Found a large runed translucent door.
 26014 | Gauntlet | Found a large runed translucent door.
 26014 | Gauntlet | Found a large runed translucent door.
 26014 | Gauntlet | Found a large runed translucent door.
 26014 | Gauntlet | Found a large runed translucent door.
 26015 | Gauntlet | Found a large runed translucent door.
 26015 | Gauntlet | Found a large runed translucent door.
 26016 | Gauntlet | Found a large runed translucent door.
 26016 | Gauntlet | Found a large runed translucent door.
 26018 | Gauntlet | Found a transporter.
 26018 | Gauntlet | Found a transporter.
 26020 | Gauntlet | Found a transporter.
 26031 | Gauntlet | Found a runed translucent gate.
 26031 | Gauntlet | Found a runed translucent gate.
 26031 | Gauntlet | Found a runed translucent gate.
 26033 | Gauntlet | Found a transporter.
 26048 | Gauntlet | Found a transporter.
 26053 | Gauntlet | Found a transporter.
 26074 | Gauntlet | Found a transporter.
 26087 | Gauntlet | Found a transporter.
 26112 | Gauntlet | Found a transporter.
 26124 | Gauntlet | Found a transporter.
 26131 | Gauntlet | Found a transporter.
 26154 | Gauntlet | Found a transporter.
 26160 | Gauntlet | Found a transporter.
 26162 | Gauntlet | Found a transporter.
 26186 | Gauntlet | Found a transporter.
 26188 | Gauntlet | Found the +2 ratskin cloak {+Rats rPois rN+ Str-1 Int-1
                  | Dex+1}
 26192 | Gauntlet | Found a transporter.
 26240 | Gauntlet | Found a transporter.
 26964 | Gauntlet | Got a polished halberd
 26966 | Gauntlet | Got a heavily runed cloak
 26967 | Gauntlet | Identified the cursed +1 halberd of Joeshraf {freeze, MR++}
                  | (You found it in a Gauntlet)
 26968 | Gauntlet | Identified the +0 cloak of Imperfection {rCorr Stlth+} (You
                  | found it in a Gauntlet)
 28739 | D:12     | Noticed Gastronok
 28747 | D:12     | Killed Gastronok
 28747 | D:12     | Reached skill level 10 in Spellcasting
 28766 | D:12     | Identified a scroll of acquirement
 29124 | D:13     | Got a steaming turquoise ring
 29239 | D:13     | Reached skill level 15 in Ice Magic
 29557 | D:13     | Found a gate to the Vaults.
 29564 | D:13     | Reached skill level 10 in Conjurations
 29871 | D:14     | Reached XP level 15. HP: 102/113 MP: 19/34
 30659 | D:15     | Entered Level 15 of the Dungeon
 30762 | D:15     | Found a frozen archway.
 30807 | IceCv    | Entered an ice cave
 31227 | IceCv    | Reached skill level 16 in Ice Magic
 31961 | IceCv    | Learned a level 6 spell: Ozocubu's Refrigeration
 32084 | D:15     | Found a staircase to the Depths.
 32211 | D:15     | Found an ornate altar of the Wu Jian Council.
 32623 | D:15     | Found a white marble altar of Elyvilon.
 33454 | Snake:1  | Entered Level 1 of the Snake Pit
 34021 | Snake:1  | Reached skill level 17 in Ice Magic
 34206 | Snake:1  | Noticed a Hell Sentinel
 34207 | Snake:1  | Found a transporter.
 34223 | Snake:1  | Noticed Zeufunenlo's ghost (adept MiBe)
 34232 | Snake:1  | Found a transporter.
 34848 | Snake:2  | Reached XP level 16. HP: 119/119 MP: 18/36
 36031 | Snake:3  | Learned a level 6 spell: Freezing Cloud
 36289 | Snake:3  | Reached skill level 18 in Ice Magic
 36359 | Snake:3  | Reached skill level 1 in Air Magic
 36463 | Snake:3  | Found a shattered altar of Ashenzari.
 36549 | Snake:3  | Found a runed translucent gate.
 36550 | Snake:3  | Found a runed translucent gate.
 36551 | Snake:3  | Found a runed translucent gate.
 36729 | Snake:3  | Noticed Pybazxul's ghost (journeyman DsFi)
 36916 | Snake:4  | Entered Level 4 of the Snake Pit
 38668 | Snake:4  | Reached XP level 17. HP: 125/126 MP: 15/39
 39062 | Snake:4  | Reached skill level 5 in Air Magic
 39118 | Snake:4  | Reached skill level 19 in Ice Magic
 40036 | Snake:4  | Got a serpentine rune of Zot
 40402 | Swamp:1  | Entered Level 1 of the Swamp
 40598 | Swamp:1  | You fall into a shaft and drop 1 floor!
 40608 | Swamp:1  | Noticed Frances
 40614 | Swamp:1  | Killed Frances
 40767 | Swamp:1  | Learned a level 2 spell: Blink
 42548 | Swamp:2  | Reached skill level 20 in Ice Magic
 43151 | Swamp:3  | Identified the ring of the Eight Lives {Wiz *Drain +Blink
                  | rPois MR++} (You found it on level 13 of the Dungeon)
 43787 | Swamp:4  | Entered Level 4 of the Swamp
 44168 | Swamp:4  | Got a brightly glowing helmet
 44169 | Swamp:4  | Identified the +2 helmet of Negligence {rPois rF++} (You
                  | found it on level 4 of the Swamp)
 44402 | Swamp:4  | Noticed the 27-headed Lernaean hydra
 44410 | Swamp:4  | Reached XP level 18. HP: 133/133 MP: 9/41
 44693 | Swamp:4  | Killed the 27-headed Lernaean hydra
 44753 | Swamp:4  | Got a decaying rune of Zot
 45715 | Elf:1    | Entered Level 1 of the Elven Halls
 45957 | Elf:1    | Learned a level 9 spell: Absolute Zero
 46161 | Elf:1    | Found a roughly hewn altar of Beogh.
 46687 | Elf:1    | Reached skill level 21 in Ice Magic
 47052 | Elf:2    | Found a runed translucent gate.
 47052 | Elf:2    | Found a runed translucent gate.
 47053 | Elf:2    | Found a runed translucent gate.
 47113 | Elf:2    | Noticed Asterion
 47120 | Elf:2    | Killed Asterion
 47164 | Elf:2    | Found a portal to a secret trove of treasure.
 47499 | Elf:2    | Found Maruxal's Assorted Antiques.
 47502 | Elf:2    | Found Binidoeh's Jewellery Boutique.
 47502 | Elf:2    | Found Halaf's Food Shop.
 47511 | Elf:2    | Found Lipsopt's General Store.
 47538 | Elf:2    | Bought a scroll labeled KOEPLOU ZOURPH for 22 gold pieces
 47538 | Elf:2    | Bought a scroll labeled EHUWKO FICUENEI for 22 gold pieces
 47545 | Elf:2    | Bought a scroll of enchant armour for 127 gold pieces
 47545 | Elf:2    | Bought a scroll of remove curse for 51 gold pieces
 47545 | Elf:2    | Bought a scroll of magic mapping for 59 gold pieces
 47600 | Elf:2    | Found Koufriuq's Magic Scroll Boutique.
 47626 | Elf:2    | Bought a scroll of teleportation for 39 gold pieces
 48804 | Elf:3    | Entered Level 3 of the Elven Halls
 48855 | Elf:3    | Found a magical portal.
 49541 | WizLab   | Reached skill level 15 in Spellcasting
 49830 | WizLab   | Noticed Mudunum
 49832 | WizLab   | Killed Mudunum the Cloud Mage
 49832 | WizLab   | Reached XP level 19. HP: 109/136 MP: 33/43
 49890 | WizLab   | Got a slimy platinum ring
 49891 | WizLab   | Identified the ring of Guof {+Fly Int+4} (You found it in a
                  | wizard's laboratory)
 49892 | WizLab   | Identified the Tome of Feathers
 49895 | WizLab   | Got a coiled lead ring
 49896 | WizLab   | Identified the ring "Xobre" {+Fly rN+ MR- Str+3} (You found
                  | it in a wizard's laboratory)
 50052 | Elf:3    | Found a gateway to a bazaar.
 50633 | Elf:3    | Reached skill level 22 in Ice Magic
 51649 | Elf:3    | Identified the +7 morningstar of Karma {vorpal, +Blink
                  | rPois}
 51649 | Elf:3    | Identified the +1 robe of the Lizard {rN+ Int+4 SInv}
 51649 | Elf:3    | Identified the amulet of Contention {Faith *Contam +Inv
                  | Int+3}
 51690 | Elf:3    | Identified the +1 glaive of Pycero Ejio {venom, rElec rF++
                  | rC- Str+2}
 51766 | Elf:3    | Identified the +5 ring mail of Snakes and Ladders {rC+
                  | Str+2}
 51770 | Elf:3    | Identified the +3 short sword "Waneediy" {freeze, *Contam
                  | rF++ rC+ MP+9}
 51772 | Elf:3    | Killed from afar by a deep elf death mage

Levels and vault maps discovered:
D:1:      erik_arrival_cave_to_civilisation [erik_arrival_cave_to_hall],
          layout_basic
D:2:      layout_basic, cheibriados_altar_1, serial_forest,
          infiniplex_forest_clump_medium, infiniplex_forest_clump_tiny,
          infiniplex_forest_straight_1, infiniplex_forest_end_3,
          infiniplex_forest_zigzag_2, first_ration,
          chequers_serial_rivers_marsh, xom_teletrap_fun, uniq_robin
D:3:      layout_basic, chequers_ecumenical_altar_lobes
D:4:      kennysheep_big_flooded_room, layout_loops_ring, vehumet_crystals,
          marbit_many_paths
D:5:      layout_loops_cross, nicolae_overflow_crystal_walls,
          makhleb_grotto_becter, minmay_temple_entry_butterflies, uniq_menkaure,
          uniq_edmund, uniq_prince_ribbit1
D:6:      layout_gridville, basic_altar, minivault_27, ashenzari_altar_1,
          uniq_duvessa
D:7:      layout_basic, uniq_pikel, uniq_maggie
D:8:      layout_basic, old_standard_altar, uniq_maurice, uniq_grum, uniq_joseph
D:9:      layout_rooms, grunt_temple_overflow_open, grunt_ogre_cave
D:10:     layout_basic, minmay_lair_entry_grove, minmay_orc_entry_temple_small,
          uniq_psyche
D:11:     layout_basic, gauntlet_entry_generic
D:12:     layout_basic, grunt_ministairs_7, minmay_tree_intersection,
          uniq_gastronok
D:13:     layout_rooms, grunt_vaults_entry_tiered
D:14:     layout_roguey, minmay_misc_feat_five
D:15:     grunt_enter_depths_snipers, layout_basic, elyvilon_altar_3,
          portal_ice_cave_entry_ice_beasts, lemuel_tele_altar
Lair:1:   lemuel_ratsnest, layout_chaotic_city
Lair:2:   layout_concentric_octagons
Lair:3:   layout_loops_ring, ice2_lemuel, grunt_megastairs_1,
          lemuel_fruit_fields, lemuel_fruit_tree
Lair:4:   layout_roguey, minmay_swamp_entry_worms,
          minmay_snake_entry_six_corridors, serial_forest,
          infiniplex_forest_lined_2, infiniplex_forest_clump_long,
          infiniplex_forest_end_2, infiniplex_forest_corner_1,
          infiniplex_forest_straight_2, infiniplex_forest_clump_small,
          infiniplex_forest_pool, serial_bayou_shore_a,
          infiniplex_staircase_pool, uniq_rupert
Lair:5:   layout_cave_pods, wad_woods_antlair, grunt_megastairs_5
Lair:6:   cheibrodos_lair_end_hotspot, layout_regular_city,
          dpeg_slime_entry_corner, chequers_serial_rivers_micro_e,
          minmay_lair_oklob_bushes
Swamp:1:  layout_basic_swamp, serial_swamp_ruin, evilmike_swamp_ruin_house_4,
          evilmike_swamp_ruin_house_3, uniq_frances
Swamp:2:  layout_falls_marsh, evilmike_swamp_ruin_house_2,
          infiniplex_staircase_pool_2
Swamp:3:  layout_basic_swamp, hangedman_swamp_lotus
Swamp:4:  grunt_swamp_rune_castle, layout_basic_swamp, swamp_pool2,
          nicolae_swamp_triple_paths
Snake:1:  layout_cave_pods, gammafunk_ghost_abyssal_escape,
          dpeg_stationary_puzzle
Snake:2:  layout_grid_shapes
Snake:3:  layout_basic, basic_altar, ebering_ghost_rock_garden,
          serial_bayou_crossing
Snake:4:  snake_pit_salamanders_mu, layout_cave_town, st_stairs_8
Orc:1:    layout_caves, kennysheep_orc_chapel
Orc:2:    grunt_orc_community_town_hall, layout_diamond_mine,
          grunt_orc_community_big_house_2, grunt_orc_community_big_house_2,
          grunt_orc_community_house_1, grunt_orc_community_house_2,
          grunt_orc_community_house_1, grunt_orc_community_house_1,
          grunt_orc_community_house_3, serial_shops, nicolae_shop_crystal, shop,
          shop, shop_coins, shop_scrolls, special_room
Elf:1:    elf_arrival_002, layout_gridlike, special_room [special_room_orc],
          minivault_28
Elf:2:    layout_loops_corners, serial_shops, shop,
          nicolae_trove_entry_free_sample, minmay_shoptagon, uniq_asterion
Elf:3:    minmay_elf_hall_circle, layout_geoelf_octagon, serial_shops,
          statue_bzr, infiniplex_enter_wizlab_glasses, hangedman_elven_ridges,
          solitary_fountain

Skill      XL: |  1  2  3  4  5  6  7  8  9 10 11 12 13 14 15 16 17 18 19 |
---------------+----------------------------------------------------------+-----
Dodging        | 2 3 4 5 |  5.0
Spellcasting   | 2 3 4 5 6 7 8 9 10 11 12 13 15 | 15.6
Ice Magic      | 4 5 6 7 8 9 10 11 12 14 15 17 18 20 21 22 | 22.5
Summonings     | 1 2 3 4 5 |  5.1
Shields        | 2 3 5 |  5.0
Conjurations   | 1 3 5 6 7 8 10 | 10.0
Evocations     | 1 4 5 6 |  6.0
Fighting       | 1 3 5 |  5.0
Translocations | 1 3 5 |  5.0
Earth Magic    | 1 4 6 |  6.3
Air Magic      | 4 5 |  5.0
Stealth        | |  1.7

Action                   |  1- 3 |  4- 6 |  7- 9 | 10-12 | 13-15 | 16-18 | 19-21 || total
-------------------------+-------+-------+-------+-------+-------+-------+-------++-------
Melee: Short sword       |     5 |       |       |       |       |       |       ||     5
       Dagger            |       |    47 |    69 |       |       |       |       ||   116
       Flail             |       |       |    50 |   237 |    41 |       |       ||   328
       Hand axe          |       |       |       |       |   246 |    28 |       ||   274
 Cast: Freeze            |    67 |    78 |    87 |   232 |   480 |   110 |     6 ||  1060
       Frozen Ramparts   |       |    10 |    16 |    57 |    59 |     9 |       ||   151
       Summon Ice Beast  |       |     2 |     2 |    19 |    18 |     8 |       ||    49
       Hailstorm         |       |       |     2 |    24 |   230 |    91 |    25 ||   372
       Iskenderun's Myst |       |       |       |    23 |    52 |    44 |       ||   119
       Stone Arrow       |       |       |       |    30 |   165 |   145 |    18 ||   358
       Ozocubu's Refrige |       |       |       |       |    55 |   371 |    29 ||   455
       Freezing Cloud    |       |       |       |       |       |    24 |       ||    24
       Blink             |       |       |       |       |       |     1 |       ||     1
       Absolute Zero     |       |       |       |       |       |     7 |    24 ||    31
Evoke: Wand              |       |       |       |     2 |     1 |     9 |       ||    12
  Use: Scroll            |       |       |     3 |       |    17 |    13 |     2 ||    35
       Potion            |       |       |       |     3 |     2 |    10 |       ||    15
 Stab: Sleeping          |       |     3 |       |     3 |     2 |       |       ||     8
       Distracted        |       |       |       |       |     2 |       |       ||     2
  Eat: Chunk             |     3 |     8 |    12 |    33 |    47 |    60 |     5 ||   168
       Ration            |       |     1 |     1 |       |     4 |    17 |     5 ||    28
Armor: Robe              |    12 |    18 |    24 |       |     4 |       |       ||    58
       Steam dragon scal |       |       |    13 |    66 |       |       |       ||    79
       Troll leather arm |       |       |       |   120 |   225 |    75 |     3 ||   423
Dodge: Dodged            |    49 |    54 |   131 |   392 |   550 |   184 |    14 ||  1374
Block: Buckler           |       |       |    14 |   159 |   297 |   127 |    13 ||   610

Table legend:
 A = Non-vault XP
 B = Vault XP
 C = Vault XP percentage of total XP
 D = Non-vault monster count
 E = Vault monster count
 F = Vault count percentage of total count
                 A         B        C        D         E       F
            +---------+---------+-------+---------+---------+-------
      Total |  254015 |  260582 |  50.6 |     909 |     598 |  39.7
            +---------+---------+-------+---------+---------+-------
        D:1 |      36 |       0 |   0.0 |      19 |       0 |   0.0
        D:2 |     130 |      32 |  19.8 |      33 |      11 |  25.0
        D:3 |      37 |       0 |   0.0 |      14 |       0 |   0.0
        D:4 |     411 |     126 |  23.5 |      14 |       2 |  12.5
        D:5 |     439 |     553 |  55.7 |      20 |       4 |  16.7
        D:6 |     367 |     224 |  37.9 |       6 |       2 |  25.0
        D:7 |    2636 |    1121 |  29.8 |      32 |       2 |   5.9
        D:8 |    1519 |    1578 |  51.0 |      21 |       7 |  25.0
        D:9 |    2001 |     125 |   5.9 |      20 |       1 |   4.8
       D:10 |    3138 |    2177 |  41.0 |      21 |      24 |  53.3
       D:11 |    5767 |       0 |   0.0 |      63 |       0 |   0.0
       D:12 |    7168 |    2651 |  27.0 |      35 |       3 |   7.9
       D:13 |    3609 |    8431 |  70.0 |       8 |      24 |  75.0
       D:14 |   10614 |       0 |   0.0 |      39 |       0 |   0.0
       D:15 |   12616 |    3511 |  21.8 |      34 |      12 |  26.1
     Lair:1 |    4884 |     688 |  12.3 |      21 |      40 |  65.6
     Lair:2 |    3262 |       0 |   0.0 |      15 |       0 |   0.0
     Lair:3 |    3580 |    5596 |  61.0 |      13 |      28 |  68.3
     Lair:4 |    4897 |    4355 |  47.1 |      25 |      14 |  35.9
     Lair:5 |    5427 |    5422 |  50.0 |      21 |      19 |  47.5
     Lair:6 |   12086 |    7374 |  37.9 |      44 |      24 |  35.3
    Swamp:1 |    6424 |    2213 |  25.6 |      22 |       1 |   4.3
    Swamp:2 |   15796 |       0 |   0.0 |      32 |       0 |   0.0
    Swamp:3 |    5929 |       0 |   0.0 |      19 |       0 |   0.0
    Swamp:4 |    9130 |   22399 |  71.0 |      25 |      33 |  56.9
    Snake:1 |   13537 |     490 |   3.5 |      25 |       1 |   3.8
    Snake:2 |   25956 |       0 |   0.0 |      46 |       0 |   0.0
    Snake:3 |   15344 |       0 |   0.0 |      26 |       0 |   0.0
    Snake:4 |   29651 |   53736 |  64.4 |      57 |      73 |  56.2
      Orc:1 |    2826 |    1083 |  27.7 |      26 |       5 |  16.1
      Orc:2 |    3783 |    6588 |  63.5 |      48 |      72 |  60.0
      Elf:1 |    9614 |   20952 |  68.5 |      15 |      41 |  73.2
      Elf:2 |    9361 |   26413 |  73.8 |      16 |      30 |  65.2
      Elf:3 |   22040 |   44862 |  67.1 |      34 |      28 |  45.2
      IceCv |       0 |   13052 | 100.0 |       0 |      57 | 100.0
     WizLab |       0 |   19771 | 100.0 |       0 |      31 | 100.0
   Gauntlet |       0 |    5059 | 100.0 |       0 |       9 | 100.0
            +---------+---------+-------+---------+---------+-------
